TOP OF THE 1ST |
Allentown Hillbillies batting - Pitching for Amarillo Archdukes : RHP Robinson Alomar
|
Pitching: RHP Robinson Alomar
|
|
Batting: LHB Júlio Lorenzo
|
0-0: Ball 1-0: Called Strike 1-1: SINGLE (Groundball, 34D)
|
Batting: RHB Jeff Townsley
|
0-0: Fielders Choice at 2nd, 4-6 (Groundball, 4)
|
Batting: RHB Donald Sanford
|
0-0: Ball 1-0: Foul Ball, location: 2F Balk! Jeff Townsley to second 1-1: Ball 2-1: Ball 3-1: Base on Balls
|
Batting: RHB Diego Rivera
|
0-0: Called Strike 0-1: SINGLE (Groundball, 4MD) Jeff Townsley to third Donald Sanford to second Runner from 3rd tries for Home, SAFE, no throw
|
Batting: RHB Germano Labrego
|
0-0: Called Strike 0-1: Ball 1-1: Called Strike 1-2: Ball 2-2: Foul Ball, location: 2F 2-2: Foul Ball, location: 2F 2-2: Strikes out swinging
|
Batting: RHB Germán Romero
|
0-0: Ball 1-0: Ball 2-0: Ball 3-0: Called Strike 3-1: Base on Balls Donald Sanford to third Diego Rivera to second
|
Batting: RHB Von Ford
|
0-0: Foul Ball, location: 2F 0-1: Foul Ball, location: 2F 0-2: Ball 1-2: Strikes out swinging
|
Top of the 1st over - 1 run, 2 hits, 0 errors, 3 left on base; Allentown 1 - Amarillo 0 |
BOTTOM OF THE 1ST |
Amarillo Archdukes batting - Pitching for Allentown Hillbillies : RHP Étienne Garcia
|
Pitching: RHP Étienne Garcia
|
|
Batting: LHB Earl Wigfall
|
0-0: Foul Ball, location: 2F 0-1: Ball 1-1: SOLO HOME RUN (Flyball, 9D), Distance : 367 ft
|
Batting: RHB Fernando Castellanos
|
0-0: Ball 1-0: Foul Ball, location: 2F 1-1: Foul Ball, location: 2F 1-2: Ball 2-2: Ball 3-2: Base on Balls
|
Batting: LHB Brian Easdale
|
0-0: Ball 1-0: Called Strike 1-1: Fly out, F8 (Flyball, 8RD)
|
Batting: RHB Jesús Ramos
|
0-0: Ball 1-0: Called Strike 1-1: Called Strike 1-2: Ball 2-2: Foul Ball, location: 2F 2-2: Foul Ball, location: 2F 2-2: Fly out, F6 (Line Drive, 6MD)
|
Now at SS: António Yánez
|
|
Batting: LHB António Chávez
|
0-0: Swinging Strike 0-1: Foul Ball, location: 2F 0-2: Hit by Pitch Fernando Castellanos to second
|
Batting: LHB José Martínez
|
0-0: Called Strike 0-1: Ball 1-1: Foul Ball, location: 2F 1-2: Ball 2-2: Foul Ball, location: 2F 2-2: Fly out, F8 (Flyball, 8LM)
|
Bottom of the 1st over - 1 run, 1 hit, 0 errors, 2 left on base; Allentown 1 - Amarillo 1 |
TOP OF THE 2ND |
Allentown Hillbillies batting - Pitching for Amarillo Archdukes : RHP Robinson Alomar
|
Batting: RHB Robert Bly
|
0-0: Ball 1-0: Ball 2-0: Ball 3-0: Called Strike 3-1: Foul Ball, location: 2F 3-2: Base on Balls
|
Batting: LHB Russell Ewing
|
0-0: Foul Ball, location: 2F 0-1: Foul Ball, location: 2F 0-2: Ball 1-2: Foul Ball, location: 2F 1-2: Foul Ball, location: 2F 1-2: Foul Ball, location: 2F 1-2: Strikes out swinging
|
Batting: LHB Júlio Lorenzo
|
0-0: Called Strike 0-1: Foul Ball, location: 2F 0-2: Ball 1-2: Foul Ball, location: 2F 1-2: Strikes out swinging
|
Batting: RHB Jeff Townsley
|
0-0: Fly out, F5 (Line Drive, 5)
|
Top of the 2nd over - 0 runs, 0 hits, 0 errors, 1 left on base; Allentown 1 - Amarillo 1 |
BOTTOM OF THE 2ND |
Amarillo Archdukes batting - Pitching for Allentown Hillbillies : RHP Étienne Garcia
|
Batting: SHB Jeff Chambers
|
0-0: SOLO HOME RUN (Line Drive, 9D), Distance : 355 ft
|
Batting: RHB Eugenio Maldonado
|
0-0: Called Strike 0-1: Ball 1-1: Fly out, F7 (Flyball, 7)
|
Batting: RHB David Alonso
|
0-0: Called Strike 0-1: Ball 1-1: Ball 2-1: Swinging Strike 2-2: Ball 3-2: Strikes out looking
|
Batting: LHB Earl Wigfall
|
0-0: Ball 1-0: Swinging Strike 1-1: Ball 2-1: Swinging Strike 2-2: Ball 3-2: Foul Ball, location: 2F 3-2: Fly out, F3 (Flyball, 3D)
|
Bottom of the 2nd over - 1 run, 1 hit, 0 errors, 0 left on base; Allentown 1 - Amarillo 2 |
TOP OF THE 3RD |
Allentown Hillbillies batting - Pitching for Amarillo Archdukes : RHP Robinson Alomar
|
Batting: RHB António Yánez
|
0-0: Called Strike 0-1: Ball 1-1: Ground out 6-3 (Groundball, 6)
|
Batting: RHB Diego Rivera
|
0-0: Fly out, F7 (Flyball, 7S)
|
Batting: RHB Germano Labrego
|
0-0: Swinging Strike 0-1: Ball 1-1: Foul Ball, location: 2F 1-2: Ball 2-2: Ball 3-2: Foul Ball, location: 2F 3-2: SINGLE (Groundball, 6MD)
|
Batting: RHB Germán Romero
|
0-0: Swinging Strike 0-1: SINGLE (Line Drive, 78M) Germano Labrego to second
|
Batting: RHB Von Ford
|
0-0: DOUBLE (Line Drive, 7D) Germano Labrego scores Germán Romero to third
|
Batting: RHB Robert Bly
|
0-0: Ball 1-0: Ball 2-0: SINGLE (Flyball, 89S) Germán Romero scores Von Ford to third Runner from 3rd tries for Home, SAFE, no throw
|
Batting: LHB Russell Ewing
|
0-0: Ball 1-0: Called Strike 1-1: Swinging Strike 1-2: Foul Ball, location: 2F 1-2: Foul Ball, location: 2F 1-2: Ball 2-2: Ball 3-2: Strikes out swinging
|
Top of the 3rd over - 3 runs, 4 hits, 0 errors, 1 left on base; Allentown 4 - Amarillo 2 |
BOTTOM OF THE 3RD |
Amarillo Archdukes batting - Pitching for Allentown Hillbillies : RHP Étienne Garcia
|
Batting: RHB Fernando Castellanos
|
0-0: Ground out 3-1 (Groundball, 34)
|
Batting: LHB Brian Easdale
|
0-0: Ball 1-0: DOUBLE (Line Drive, 9LM)
|
Batting: RHB Jesús Ramos
|
0-0: Ball 1-0: Called Strike Brian Easdale steals 3rd base 1-1: Ground out 5-3 (Groundball, 56S) Brian Easdale scores
|
Pitching: RHP Cory Powell
|
|
Batting: LHB António Chávez
|
0-0: Ground out 4-3 (Groundball, 4)
|
Bottom of the 3rd over - 1 run, 1 hit, 0 errors, 0 left on base; Allentown 4 - Amarillo 3 |
TOP OF THE 4TH |
Allentown Hillbillies batting - Pitching for Amarillo Archdukes : RHP Robinson Alomar
|
Batting: LHB Júlio Lorenzo
|
0-0: Ball 1-0: Ball 2-0: Ball 3-0: Called Strike 3-1: Ground out 4-3 (Groundball, 4)
|
Batting: RHB Jeff Townsley
|
0-0: Called Strike 0-1: Ball 1-1: Ball 2-1: Ball 3-1: Foul Ball, location: 2F 3-2: Strikes out looking
|
Batting: RHB António Yánez
|
0-0: Called Strike 0-1: Called Strike 0-2: Ball 1-2: Ball 2-2: Foul Ball, location: 2F 2-2: Strikes out swinging
|
Top of the 4th over - 0 runs, 0 hits, 0 errors, 0 left on base; Allentown 4 - Amarillo 3 |
BOTTOM OF THE 4TH |
Amarillo Archdukes batting - Pitching for Allentown Hillbillies : RHP Cory Powell
|
Batting: LHB José Martínez
|
0-0: Ball 1-0: Ground out 1-3 (Groundball, 15S)
|
Batting: SHB Jeff Chambers
|
0-0: Ball 1-0: Ball 2-0: Fly out, F6 (Line Drive, 6)
|
Batting: RHB Eugenio Maldonado
|
0-0: Ball 1-0: Ball 2-0: Swinging Strike 2-1: Foul Ball, location: 2F 2-2: Ball 3-2: Ground out 6-3 (Groundball, 6)
|
Bottom of the 4th over - 0 runs, 0 hits, 0 errors, 0 left on base; Allentown 4 - Amarillo 3 |
TOP OF THE 5TH |
Allentown Hillbillies batting - Pitching for Amarillo Archdukes : RHP Robinson Alomar
|
Batting: RHB Diego Rivera
|
0-0: Swinging Strike 0-1: Foul Ball, location: 2F 0-2: Foul Ball, location: 2F 0-2: Ball 1-2: Foul Ball, location: 2F 1-2: Ball 2-2: Ball 3-2: Fly out, F8 (Flyball, 78S)
|
Batting: RHB Germano Labrego
|
0-0: Foul Ball, location: 2F 0-1: DOUBLE (Line Drive, 7LS)
|
Pitching: RHP Ignacio Beltrán
|
|
Batting: RHB Germán Romero
|
0-0: Called Strike 0-1: Ball 1-1: Foul Ball, location: 2F 1-2: Ball 2-2: Strikes out swinging
|
Batting: RHB Von Ford
|
0-0: Called Strike 0-1: Foul Ball, location: 2F 0-2: Strikes out swinging
|
Top of the 5th over - 0 runs, 1 hit, 0 errors, 1 left on base; Allentown 4 - Amarillo 3 |
BOTTOM OF THE 5TH |
Amarillo Archdukes batting - Pitching for Allentown Hillbillies : RHP Cory Powell
|
Batting: RHB David Alonso
|
0-0: Ball 1-0: Foul Ball, location: 2F 1-1: Ground out 4-3 (Groundball, 4)
|
Batting: LHB Earl Wigfall
|
0-0: Called Strike 0-1: Ground out U3 (Groundball, 3)
|
Batting: RHB Fernando Castellanos
|
0-0: Ball 1-0: SINGLE (Line Drive, 78S)
|
Batting: LHB Brian Easdale
|
0-0: Ball 1-0: Called Strike 1-1: Foul Ball, location: 2F 1-2: Ball 2-2: Ball 3-2: Foul Ball, location: 2F 3-2: SINGLE (Groundball, 56D) Fernando Castellanos to second Fernando Castellanos to third
|
Batting: RHB Jesús Ramos
|
0-0: Ground out 5-3 (Groundball, 5S)
|
Bottom of the 5th over - 0 runs, 2 hits, 0 errors, 2 left on base; Allentown 4 - Amarillo 3 |
TOP OF THE 6TH |
Allentown Hillbillies batting - Pitching for Amarillo Archdukes : RHP Ignacio Beltrán
|
Batting: RHB Robert Bly
|
0-0: Foul Ball, location: 2F 0-1: Foul Ball, location: 2F 0-2: Ball 1-2: Ball 2-2: Ball 3-2: Base on Balls
|
Batting: LHB Russell Ewing
|
0-0: Ball 1-0: Called Strike 1-1: Foul Ball, location: 2F 1-2: Ball 2-2: Ball 3-2: SINGLE (Line Drive, 34) Robert Bly to second
|
Batting: LHB Júlio Lorenzo
|
0-0: Called Strike 0-1: Ball 1-1: Ball 2-1: Foul Ball, location: 2F 2-2: Strikes out swinging
|
Batting: RHB Jeff Townsley
|
0-0: Swinging Strike 0-1: Foul Ball, location: 2F 0-2: Ground out 4-3 (Groundball, 4S) Robert Bly to third Russell Ewing to second
|
Batting: RHB António Yánez
|
0-0: Swinging Strike 0-1: Ball 1-1: Called Strike 1-2: Foul Ball, location: 2F 1-2: Ball 2-2: Ball 3-2: Strikes out swinging
|
Top of the 6th over - 0 runs, 1 hit, 0 errors, 2 left on base; Allentown 4 - Amarillo 3 |
BOTTOM OF THE 6TH |
Amarillo Archdukes batting - Pitching for Allentown Hillbillies : RHP Cory Powell
|
Batting: LHB António Chávez
|
0-0: Ball 1-0: Swinging Strike 1-1: Foul Ball, location: 2F 1-2: Foul Ball, location: 2F 1-2: Ball 2-2: Strikes out looking
|
Batting: LHB José Martínez
|
0-0: Called Strike 0-1: Swinging Strike 0-2: Ball 1-2: Ball 2-2: Ball 3-2: Ground out U3 (Groundball, 34S)
|
Batting: SHB Jeff Chambers
|
0-0: Ball 1-0: Ball 2-0: Ball 3-0: Base on Balls
|
Batting: RHB Eugenio Maldonado
|
0-0: Ball 1-0: Foul Ball, location: 2F 1-1: Swinging Strike 1-2: Strikes out swinging
|
Bottom of the 6th over - 0 runs, 0 hits, 0 errors, 1 left on base; Allentown 4 - Amarillo 3 |
TOP OF THE 7TH |
Allentown Hillbillies batting - Pitching for Amarillo Archdukes : RHP Ignacio Beltrán
|
Batting: RHB Diego Rivera
|
0-0: Swinging Strike 0-1: Foul Ball, location: 2F 0-2: Foul Ball, location: 2F 0-2: Foul Ball, location: 2F 0-2: Ball 1-2: Strikes out swinging
|
Batting: RHB Germano Labrego
|
0-0: Ball 1-0: Called Strike 1-1: Swinging Strike 1-2: Strikes out swinging
|
Batting: RHB Germán Romero
|
0-0: Foul Ball, location: 2F 0-1: Ball 1-1: SINGLE (Flyball, 89S)
|
Pitching: LHP Tim Miller
|
|
Pinch Hitting: RHB Albert Lutz
|
0-0: Ball 1-0: Called Strike 1-1: Called Strike 1-2: Ball Germán Romero is caught stealing 2nd base
|
Top of the 7th over - 0 runs, 1 hit, 0 errors, 0 left on base; Allentown 4 - Amarillo 3 |
BOTTOM OF THE 7TH |
Amarillo Archdukes batting - Pitching for Allentown Hillbillies : RHP Cory Powell
|
Now at 2B: Juan Magdayao
|
|
Batting: RHB David Alonso
|
0-0: Swinging Strike 0-1: Ball 1-1: Foul Ball, location: 2F 1-2: Ball 2-2: Ball 3-2: Base on Balls
|
Pitching: LHP Alejandro Castillo
|
|
Pinch Hitting: RHB Jon Krohne
|
0-0: Ball Wild Pitch! David Alonso to second 1-0: Swinging Strike 1-1: Ground out 1-3 (Groundball, 13S) David Alonso to third
|
Pitching: RHP Mike Pierce
|
|
Batting: RHB Fernando Castellanos
|
0-0: Ball 1-0: Called Strike 1-1: Fly out, F8 (Flyball, 78M) Runner from 3rd tags up, SCORES, throw made
|
Batting: LHB Brian Easdale
|
0-0: Called Strike 0-1: Swinging Strike 0-2: Ball 1-2: Foul Ball, location: 2F 1-2: Foul Ball, location: 2F 1-2: Ball 2-2: Strikes out swinging
|
Bottom of the 7th over - 1 run, 0 hits, 0 errors, 0 left on base; Allentown 4 - Amarillo 4 |
TOP OF THE 8TH |
Allentown Hillbillies batting - Pitching for Amarillo Archdukes : LHP Tim Miller
|
Now in CF: John Frost
|
|
Batting: RHB Juan Magdayao
|
0-0: Called Strike 0-1: Ball 1-1: Foul Ball, location: 2F 1-2: Ball 2-2: Foul Ball, location: 2F 2-2: Ball 3-2: Strikes out swinging
|
Batting: RHB Robert Bly
|
0-0: Ball 1-0: Swinging Strike 1-1: Foul Ball, location: 2F 1-2: Strikes out swinging
|
Pinch Hitting: RHB Wyatt McKinnon
|
0-0: SINGLE (Groundball, 4MD)
|
Pinch Hitting: RHB Justin Harris
|
0-0: SINGLE (Line Drive, 6) Wyatt McKinnon to second
|
Batting: RHB Jeff Townsley
|
0-0: Called Strike 0-1: Swinging Strike 0-2: Foul Ball, location: 2F 0-2: Ball 1-2: SINGLE (Groundball, 56D) Wyatt McKinnon to third Justin Harris to second Throwing error, E7 Wyatt McKinnon scores Justin Harris to third Jeff Townsley to second
|
Batting: RHB António Yánez
|
0-0: Ball 1-0: Fly out, F7 (Flyball, 7LM)
|
Top of the 8th over - 1 run, 3 hits, 1 error, 2 left on base; Allentown 5 - Amarillo 4 |
BOTTOM OF THE 8TH |
Amarillo Archdukes batting - Pitching for Allentown Hillbillies : RHP Mike Pierce
|
Now at 3B: Justin Harris
|
|
Now in CF: António Salazar
|
|
Batting: RHB Jesús Ramos
|
0-0: Ball 1-0: Called Strike 1-1: Swinging Strike 1-2: Foul Ball, location: 2F 1-2: SINGLE (Line Drive, 6D)
|
Batting: LHB António Chávez
|
0-0: Called Strike 0-1: Ball 1-1: Ball 2-1: Grounds into double play, 6-4-3 (Groundball, 6M)
|
Batting: LHB José Martínez
|
0-0: Ground out 5-3 (Groundball, 56)
|
Bottom of the 8th over - 0 runs, 1 hit, 0 errors, 0 left on base; Allentown 5 - Amarillo 4 |
TOP OF THE 9TH |
Allentown Hillbillies batting - Pitching for Amarillo Archdukes : LHP Tim Miller
|
Pitching: RHP Tsugahara Suzuki
|
|
Batting: RHB Diego Rivera
|
0-0: Ball 1-0: Ball 2-0: Called Strike 2-1: Called Strike 2-2: Strikes out swinging
|
Batting: RHB Germano Labrego
|
0-0: Ball 1-0: Foul Ball, location: 2F 1-1: Foul Ball, location: 2F Error on foul ball, E3 1-2: Ball 2-2: Ground out 2-3 (Groundball, 2L)
|
Batting: RHB Germán Romero
|
0-0: Fly out, F8 (Flyball, 8RS)
|
Top of the 9th over - 0 runs, 0 hits, 1 error, 0 left on base; Allentown 5 - Amarillo 4 |
BOTTOM OF THE 9TH |
Amarillo Archdukes batting - Pitching for Allentown Hillbillies : RHP Mike Pierce
|
Pitching: RHP Juan Flores
|
|
Batting: SHB Jeff Chambers
|
0-0: SINGLE (Flyball, 8LS)
|
Batting: RHB Eugenio Maldonado
|
0-0: Ball 1-0: Swinging Strike 1-1: Foul Ball, location: 2F 1-2: Foul Ball, location: 2F 1-2: Fly out, F9 (Flyball, 89M)
|
Pinch Hitting: LHB Jesús Bueno
|
0-0: Ball 1-0: Grounds into double play, 4-6-3 (Groundball, 4)
|
Bottom of the 9th over - 0 runs, 1 hit, 0 errors, 0 left on base; Allentown 5 - Amarillo 4 |
|